 Dungeon Crawl Stone Soup version 0.19-a0-1686-g35356ef (webtiles) character file.

128952 Alarkh the Fencer (level 16, 0/121 HPs)
             Began as a Mummy Necromancer on Sept 25, 2016.
             Was the Champion of Okawaru.
             Slain by a wolf spider (6 damage)
             ... on level 2 of the Spider Nest.
             The game lasted 01:26:35 (27740 turns).

Alarkh the Fencer (Mummy Necromancer)              Turns: 27740, Time: 01:26:36

Health: 0/121      AC: 20    Str: 11    XL:     16   Next: 49%
Magic:  28/28      EV: 16    Int: 22    God:    Okawaru [******]
Gold:   1159       SH:  0    Dex: 20    Spells: 3 memorised, 23 levels left

rFire  x . .     SeeInvis +     a - +10 double sword "Buil" {flame, MR+ SInv}
rCold  + . .     Gourm    .     x - +4 troll leather armour
rNeg   + + +     Faith    +     R - +2 shield
rPois  ∞         Spirit   .     Q - +2 helmet {Int+3}
rElec  .         Dismiss  .     L - +2 cloak
rCorr  .         Reflect  .     Y - +2 pair of gloves {archery}
MR     ++++.     Harm     .     (no boots)
Stlth  +.........               P - amulet of faith
                                f - ring of protection from magic
                                d - +5 ring of dexterity

@: confused
A: no food or potions, fire vulnerability, cold resistance 1, negative energy
resistance 3, torment resistance, unbreathing, in touch with death 1
a: Heroism, Finesse, Renounce Religion


You were on level 2 of the Spider Nest.
You worshipped Okawaru.
Okawaru was exalted by your worship.
You were not hungry.

You visited 5 branches of the dungeon, and saw 27 of its levels.
You also visited: Labyrinth, Ice Cave and Volcano.

You collected 2491 gold pieces.
You spent 1332 gold pieces at shops.

Inventory:

Hand Weapons
 a - the +10 double sword "Buil" (weapon) {flame, MR+ SInv}
   (Okawaru gifted it to you on level 12 of the Dungeon)

   It has been specially enchanted to burn those struck by it, causing extra
   injury to most foes and up to half again as much damage against particularly
   susceptible opponents.
   Big, fiery blades are also staple armaments of hydra-hunters.
   It affects your resistance to hostile enchantments.
   It lets you see invisible.
 b - a +2 vampiric double sword
 j - a +1 scimitar of electrocution
Missiles
 u - 6 throwing nets (quivered)
Armour
 h - a quicksilver dragon hide
 i - a +2 ring mail of fire resistance
 x - a +4 troll leather armour (worn)
 L - a +2 cloak (worn)
 Q - a +2 helmet of intelligence (worn)
 R - a +2 shield (worn)
 Y - a +2 pair of gloves of archery (worn)
Magical Staves
 n - an uncursed staff of poison
 G - an uncursed staff of air
Rods
 V - a +5 rod of shadows (13/13)
   (You found it in a labyrinth)
Jewellery
 d - a +5 ring of dexterity (left hand)
 f - a ring of protection from magic (right hand)
 B - an uncursed ring of teleportation
 C - an uncursed ring of wizardry
 J - an uncursed ring of protection from cold
 P - an amulet of faith (around neck)
Wands
 c - a wand of digging (2/24)
 l - a wand of enslavement (5/24)
 m - a wand of teleportation (3/9)
 v - a wand of heal wounds (0/9)
 w - a wand of lightning (5/15)
 U - a wand of disintegration (7/24)
Scrolls
 e - 5 scrolls of identify
 g - a scroll of torment
 k - 4 scrolls of summoning
 o - 7 scrolls of remove curse
 r - 2 scrolls of magic mapping
 y - a scroll of blinking
 z - a scroll of teleportation
 A - a scroll of fear
 E - 2 scrolls of fog
 F - a scroll of silence
 X - a scroll of recharging


   Skills:
 + Level 9.7 Fighting
 * Level 15.4 Long Blades
 + Level 7.8 Armour
 + Level 8.2 Dodging
 + Level 6.9 Stealth
 + Level 7.6 Shields
 - Level 8.1 Spellcasting
 - Level 8.0 Necromancy
 + Level 7.0 Invocations


You had 23 spell levels left.
You knew the following spells:

 Your Spells              Type           Power        Failure   Level  Hunger
a - Vampiric Draining     Necr           ######....   2%          3    N/A
b - Pain                  Necr           ####         1%          1    N/A
c - Control Undead        Necr           ######....   10%         4    N/A

Dungeon Overview and Level Annotations

Branches:
Dungeon (15/15)            Temple (1/1) D:7            Lair (6/6) D:8
 Shoals (0/4) Lair:4       Spider (3/4) Lair:4        Slime (0/5) Lair:6
    Orc (2/2) D:12            Elf (0/3) Orc:2        Vaults (0/5) D:13
 Depths (0/5) D:15

Altars:
Ashenzari
Cheibriados
Dithmenos
Elyvilon
Fedhas
Gozag
Hepliaklqana
Kikubaaqudgha
Makhleb
Nemelex Xobeh
Okawaru
Qazlal
Ru
Sif Muna
Trog
Uskayaw
Vehumet
Xom
Yredelemnul
Zin
The Shining One
Jiyva

Shops:
D:5 *   D:12 }   D:15 [   Orc:1 (   Orc:2 [=*(

Annotations:
D:10 exclusion: obsidian statue
Lair:1 exclusion: oklob plant
Lair:5 1 exclusion


Innate Abilities, Weirdness & Mutations

You do not eat or drink.
Your flesh is vulnerable to fire.
You are immune to poison.
Your flesh is cold resistant. (rC+)
You are immune to negative energy. (rN+++)
You are immune to unholy pain and torment.
You can survive without breathing.
You are in touch with the powers of death.


Message History

* * * LOW HITPOINT WARNING * * *
You slice the tarantella!! You burn the tarantella.
You kill the tarantella!
Okawaru accepts your kill. The wolf spider hits you.
* * * LOW HITPOINT WARNING * * *
The wolf spider closely misses you.
The demonic crawler hits you but does no damage.
The demonic crawler barely misses you.
The demonic crawler hits you but does no damage.
The wolf spider hits you but does no damage.
The wolf spider closely misses you.
The demonic crawler closely misses you. x2
The demonic crawler misses you.
You see here a tarantella corpse.
The wolf spider hits you but does no damage.
The wolf spider closely misses you.
The demonic crawler completely misses you.
The demonic crawler hits you but does no damage.
The demonic crawler misses you. The wolf spider hits you.
You die...

##.##..##.....##..##........
#.......#.....#...#...#.#...
##^.....###..###^.#.....#.)^
##....##....#.^..#^##..#..^
#.#...#..####..%###...#..#
#####.#.^........###..##..
######......^#.....#..
#>†s.....##.†#.†#^..
##s@#.#.#....^.††...
########..).#.^##..
#......#..#..#...
#......#..#^.#...
###....#.#####...
#.....####.#.#.. #.....^#
#...^.. ####...# ##...#.
##### #...#.


You could see a demonic crawler and a wolf spider.

Vanquished Creatures
  Arachne (Spider:2)
  Jorgrun (Spider:2)
  Frances (Spider:2)
  2 orc warlords
  Louise (Spider:1)
  The ghost of braks the Cleaver, a journeyman HOMo of Beogh (D:14)
  A stone giant (Orc:1)
  Nessos (D:13)
  2 dire elephants (Lair:6)
  Snorg (D:13)
  A minotaur (Lab)
  An ettin (D:15)
  The ghost of tstbtto the Cleaver, a journeyman DrGl of Gozag (D:11)
  The ghost of Bronet the Cleaver, a journeyman HOAK of Lugonu (D:11)
  6 hydras
  An ogre mage (D:15)
  The ghost of slayr the Impaler, a journeyman MfSk of Okawaru (D:11)
  8 vault guards (D:13)
  A rakshasa (D:15)
  Erolcha (D:13)
  Erica (D:9)
  6 centaur warriors
  An anaconda (Lair:6)
  The ghost of Zaking the Fighter, a novice OgWn (D:8)
  3 orc high priests
  Sonja (D:15)
  5 death yaks (Lair:6)
  A deep troll (D:15)
  An unseen horror (D:13)
  6 hill giants
  2 deep elf archers (D:15)
  Pikel (D:7)
  An orc knight (D:12)
  A necromancer (IceCv)
  6 wolf spiders
  4 orb spiders
  3 deep elf magi
  2 moths of wrath
  A hornet (Spider:2)
  8 orc sorcerers
  22 ugly things
  13 elephants
  3 cyclopes
  2 manticores
  Maurice (D:12)
  2 ice statues (IceCv)
  2 black mambas
  2 molten gargoyles (Volcano)
  A gargoyle (D:14)
  12 spiny frogs
  A rime drake (Lair:4)
  9 komodo dragons
  4 demonic crawlers
  9 ice devils (IceCv)
  8 trolls
  9 jumping spiders
  2 polar bears (Lair:6)
  Prince Ribbit (D:9)
  6 dream sheep (Lair:6)
  A wind drake (shapeshifter) (D:15)
  9 hippogriffs
  11 slime creatures
  14 blink frogs
  A shadow (D:12)
  3 wraiths
  4 wyverns
  40 redbacks
  15 yaks
  3 basilisks
  9 tarantellas
  3 fire bats (Lair:2)
  A human (D:8)
  4 hungry ghosts
  7 wargs
  14 water moccasins
  42 orc warriors
  9 porcupines
  4 ice beasts
  2 eyes of draining
  2 black bears
  2 phantoms
  A wasp (Spider:1)
  14 wolves
  21 ogres
  12 centaurs
  16 crocodiles
  2 big kobolds
  21 bullfrogs
  A gnoll sergeant (D:11)
  A wyvern zombie (D:12)
  A water moccasin zombie (D:7)
  A wyvern skeleton (D:13)
  2 scorpions
  15 killer bees
  13 howler monkeys
  3 electric eels
  16 wights
  2 draconian simulacra (IceCv)
  2 centaur zombies
  3 crimson imps
  6 jellies
  6 hounds
  18 orc priests
  A centaur skeleton (D:12)
  22 orc wizards
  8 iguanas
  Natasha (thrice) (D:3)
  A spriggan simulacrum (IceCv)
  6 worker ants
  2 centaur simulacra (IceCv)
  A hound skeleton (D:6)
  Robin (D:2)
  15 adders
  17 gnolls
  A howler monkey skeleton (D:4)
  2 ogre simulacra (IceCv)
  3 naga simulacra (IceCv)
  85 river rats
  2 shadow imps
  12 white imps (D:11)
  An ooze (D:1)
  An adder skeleton (D:5)
  3 worms
  A dart slug (D:2)
  7 leopard geckos
  89 orcs
  2 ball pythons
  A bat (D:2)
  4 giant cockroaches
  17 goblins
  7 hobgoblins
  5 jackals
  13 frilled lizards
  A jackal skeleton (D:5)
  15 kobolds
  A leopard gecko skeleton (D:7)
  A leopard gecko zombie (D:5)
  5 rats
  4 plants (Lair:6)
935 creatures vanquished.

Vanquished Creatures (collateral kills)
  The ghost of tstbtto the Cleaver, a journeyman DrGl of Gozag (D:11)
  A water moccasin (D:8)
  An orc warrior (D:8)
  A bullfrog (D:7)
  A wight (D:8)
5 creatures vanquished.

Vanquished Creatures (others)
  4 slaves (D:7)
  A sky beast (D:11)
  A killer bee (D:7)
  A crimson imp (D:15)
  A gnoll (Orc:1)
  2 orcs
  A frilled lizard (D:4)
  2 bushes (Lair:6)
  20 fungi
  7 plants
40 creatures vanquished.

Grand Total: 980 creatures vanquished

Notes
Turn   | Place    | Note
-------+----------+-------------------------------------------
     0 | D:1      | Alarkh the Mummy Necromancer began the quest for the Orb.
     0 | D:1      | Reached XP level 1. HP: 13/13 MP: 3/3
    89 | D:1      | Reached XP level 2. HP: 16/19 MP: 0/5
   344 | D:1      | Reached XP level 3. HP: 7/24 MP: 1/7
   350 | D:1      | Learned a level 3 spell: Vampiric Draining
   802 | D:2      | Found a sparkling altar of Nemelex Xobeh.
   829 | D:2      | Found an iron altar of Okawaru.
   892 | D:2      | Became a worshipper of Warmaster Okawaru
  1421 | D:3      | Reached XP level 4. HP: 30/30 MP: 8/8
  1509 | D:2      | Reached skill level 5 in Necromancy
  1563 | D:3      | Reached XP level 5. HP: 25/35 MP: 2/10
  1681 | D:3      | You fall through a shaft!
  1739 | D:4      | Reached * piety under Okawaru
  1893 | D:4      | Found a deep blue altar of Sif Muna.
  2014 | D:3      | Found a glowing golden altar of the Shining One.
  2104 | D:3      | Noticed Natasha
  2118 | D:3      | Killed Natasha
  2118 | D:3      | Reached XP level 6. HP: 40/41 MP: 5/12
  2286 | D:3      | Noticed Robin
  2314 | D:2      | Killed Robin
  2445 | D:3      | Noticed Natasha
  2450 | D:3      | Killed Natasha
  2456 | D:3      | Noticed Natasha
  2460 | D:3      | Killed Natasha
  2564 | D:4      | Found a white marble altar of Elyvilon.
  2723 | D:4      | Reached skill level 5 in Spellcasting
  2818 | D:4      | Got a sparkling tin amulet
  2963 | D:4      | Identified the amulet "Zesihut" {+Rage Str+8} (You took it off an orc on level 4 of the Dungeon)
  2975 | D:5      | Entered Level 5 of the Dungeon
  3019 | D:5      | Found Noesu's Assorted Antiques.
  3023 | D:5      | Bought a translucent leather armour for 182 gold pieces
  3033 | D:5      | Identified the +4 leather armour of Moxyazaz {+Inv rF++ Int-4} (You bought it in a shop on level 5 of the Dungeon)
  3071 | D:5      | Noticed a water moccasin
  3081 | D:5      | Learned a level 4 spell: Control Undead
  3145 | D:5      | Noticed a water moccasin
  3157 | D:5      | Killed a water moccasin
  3157 | D:5      | Reached XP level 7. HP: 37/46 MP: 2/14
  3478 | D:5      | Found a burning altar of Makhleb.
  3478 | D:5      | Noticed a cacodemon
  3481 | D:5      | Noticed a ynoxinul
  3481 | D:5      | Noticed a smoke demon
  3494 | D:5      | Found a shadowy altar of Dithmenos.
  3919 | D:6      | Reached ** piety under Okawaru
  4051 | D:6      | Reached XP level 8. HP: 41/52 MP: 13/17
  4361 | D:7      | Noticed Pikel
  4412 | D:7      | Killed Pikel
  4439 | D:7      | Noticed a hippogriff
  4448 | D:7      | Killed a hippogriff
  4448 | D:7      | Reached *** piety under Okawaru
  4448 | D:7      | Reached skill level 1 in Fighting
  4448 | D:7      | Reached skill level 1 in Armour
  4448 | D:7      | Reached skill level 1 in Shields
  4502 | D:6      | Reached XP level 9. HP: 22/61 MP: 1/21
  4665 | D:7      | Noticed a troll
  5060 | D:7      | Found a staircase to the Ecumenical Temple.
  5075 | Temple   | Entered the Ecumenical Temple
  5791 | D:7      | Reached skill level 1 in Long Blades
  5832 | D:7      | Killed a troll
  5832 | D:7      | Reached **** piety under Okawaru
  5832 | D:7      | Reached skill level 2 in Long Blades
  5902 | D:7      | Reached skill level 3 in Long Blades
  6099 | D:7      | Reached skill level 4 in Long Blades
  6268 | D:8      | Reached XP level 10. HP: 64/71 MP: 19/22
  6288 | D:8      | Noticed Zaking's ghost (novice OgWn)
  6389 | D:8      | Got a garnet-studded ring mail
  6400 | D:8      | Identified the +1 ring mail "Fubus" {+Fly rPois} (You found it on level 8 of the Dungeon)
  6473 | D:8      | Found a staircase to the Lair.
  6624 | D:9      | Reached skill level 5 in Long Blades
  6628 | D:9      | Reached ***** piety under Okawaru
  6656 | D:8      | Found an opulent altar of Gozag.
  6755 | D:8      | Found a shimmering altar of Xom.
  6871 | D:9      | Noticed Erica
  6909 | D:9      | Killed Erica
  6909 | D:9      | Reached skill level 6 in Long Blades
  7008 | D:9      | Received a gift from Okawaru
  7096 | D:9      | Noticed Prince Ribbit
  7102 | D:9      | Killed Prince Ribbit
  7102 | D:9      | Reached skill level 7 in Long Blades
  7113 | D:9      | Found a hazy altar of Hepliaklqana.
  7342 | Lair:1   | Entered Level 1 of the Lair of Beasts
  7503 | Lair:1   | Noticed a spiny frog
  7541 | Lair:1   | Killed a spiny frog
  7541 | Lair:1   | Reached skill level 8 in Long Blades
  7615 | Lair:1   | Noticed an oklob plant
  8008 | Lair:2   | Noticed a seven-headed hydra
  8053 | Lair:2   | Noticed a spiny frog
  8069 | Lair:2   | Reached skill level 9 in Long Blades
  8069 | Lair:2   | Reached XP level 11. HP: 56/76 MP: 21/23
  8108 | Lair:2   | Noticed a seven-headed hydra
  8238 | Lair:2   | Received a gift from Okawaru
  8468 | Lair:2   | Reached skill level 10 in Long Blades
  8475 | Lair:2   | Found a dark tunnel.
  8487 | Volcano  | Entered a volcano
  9031 | Volcano  | Found a burning altar of Makhleb.
  9031 | Volcano  | Noticed an orc sorcerer
  9046 | Volcano  | Killed an orc sorcerer
  9445 | Lair:2   | Killed a one-headed hydra
  9450 | Lair:2   | Reached skill level 11 in Long Blades
 10097 | Lair:2   | Killed a one-headed hydra
 10558 | Lair:3   | Reached skill level 12 in Long Blades
 10566 | Lair:3   | Reached XP level 12. HP: 52/83 MP: 24/24
 10579 | Lair:3   | Noticed a catoblepas
 10628 | Lair:3   | Found a labyrinth entrance.
 10645 | Lab      | Entered a labyrinth
 11164 | Lab      | Noticed a minotaur
 11187 | Lab      | Killed a minotaur
 11262 | Lair:3   | Identified a +5 rod of shadows (13/13) (You found it in a labyrinth)
 12004 | Lair:4   | Received a gift from Okawaru
 12014 | Lair:4   | Got a smoking broad axe {god gift}
 12015 | Lair:4   | Identified the +4 broad axe "Syraaski" {chop, rF+ Dex+2} (Okawaru gifted it to you on level 4 of the Lair of Beasts)
 12044 | Lair:4   | Found a hole to the Spider Nest.
 12135 | Lair:4   | Found a staircase to the Shoals.
 12436 | D:5      | Bought a scroll of identify for 52 gold pieces
 12436 | D:5      | Bought a scroll labeled QYG IMULEIMPU for 26 gold pieces
 12436 | D:5      | Bought a scroll labeled QYG IMULEIMPU for 26 gold pieces
 12436 | D:5      | Bought a large bone ring for 130 gold pieces
 13501 | Lair:5   | Reached skill level 5 in Fighting
 13701 | Lair:5   | Reached ****** piety under Okawaru
 13701 | Lair:5   | Reached skill level 13 in Long Blades
 13786 | Lair:5   | Received a gift from Okawaru
 13787 | Lair:5   | Got a steaming plate armour {god gift}
 13921 | Lair:5   | Identified the +1 plate armour of the Valley of Death {Int+4} (Okawaru gifted it to you on level 5 of the Lair of Beasts)
 13985 | Lair:5   | Gained mutation: You are in touch with the powers of death. [Mummy growth]
 13985 | Lair:5   | Reached XP level 13. HP: 64/92 MP: 21/25
 14063 | Lair:5   | Got a blackened leather armour
 14074 | Lair:5   | Identified the +2 leather armour of Pan-Flutes {Int+2} (You found it on level 5 of the Lair of Beasts)
 14139 | Lair:5   | Reached skill level 5 in Dodging
 14317 | Lair:6   | Entered Level 6 of the Lair of Beasts
 14535 | Lair:6   | Found a staircase to the Slime Pits.
 14722 | Lair:6   | Reached skill level 5 in Armour
 14802 | Lair:6   | Got a dazzling hand axe
 14803 | Lair:6   | Identified the cursed +0 hand axe of the Maze {antimagic, rN+} (You found it on level 6 of the Lair of Beasts)
 14902 | Lair:6   | Reached skill level 1 in Invocations
 15148 | Lair:6   | Received a gift from Okawaru
 15148 | Lair:6   | Reached skill level 5 in Shields
 16252 | Lair:6   | Noticed a dire elephant
 16252 | Lair:6   | Noticed a dire elephant
 16267 | Lair:6   | HP: 3/95 [dire elephant (29)]
 16283 | Lair:6   | Killed a dire elephant
 16297 | Lair:6   | Killed a dire elephant
 16412 | Lair:6   | Noticed a dire elephant
 16665 | D:8      | Found an opulent altar of Gozag.
 16678 | D:8      | Killed Zaking's ghost
 16717 | D:10     | Entered Level 10 of the Dungeon
 16862 | D:10     | You fall through a shaft!
 16900 | D:11     | Received a gift from Okawaru
 16973 | D:11     | Noticed Bronet's ghost (journeyman HOAK)
 16974 | D:11     | Noticed tstbtto's ghost (journeyman DrGl)
 17007 | D:11     | Killed Bronet's ghost
 17101 | D:11     | Reached XP level 14. HP: 53/101 MP: 26/26
 17104 | D:11     | Got a pitted leather armour
 17164 | D:11     | Noticed tstbtto's ghost (journeyman DrGl)
 17210 | D:11     | Found a frozen archway.
 17305 | D:11     | Identified the +0 leather armour of Tutimoss {Slay+2} (You found it on level 11 of the Dungeon)
 17316 | IceCv    | Entered an ice cave
 18334 | D:10     | Found a viscous altar of Jiyva.
 18363 | D:10     | Got an ebony spear
 18364 | D:10     | Identified the +8 spear "Xysak" {freeze, -Tele +Fly rC++ SInv} (You found it on level 10 of the Dungeon)
 18800 | D:11     | Killed tstbtto's ghost
 18936 | D:11     | Killed tstbtto's ghost
 19119 | D:11     | Found a stormy altar of Qazlal.
 19119 | D:11     | Noticed slayr's ghost (journeyman MfSk)
 19307 | D:11     | Killed slayr's ghost
 19307 | D:11     | Reached skill level 14 in Long Blades
 19510 | D:12     | Found Taessino's Gadget Emporium.
 19722 | D:12     | Noticed Maurice
 19732 | D:12     | Killed Maurice
 19900 | D:12     | Received a gift from Okawaru
 19905 | D:12     | Got a scorched double sword {god gift}
 19906 | D:12     | Identified the +10 double sword "Buil" {flame, MR+ SInv} (Okawaru gifted it to you on level 12 of the Dungeon)
 20181 | D:12     | Found a staircase to the Orcish Mines.
 20203 | Orc:1    | Entered Level 1 of the Orcish Mines
 20745 | Orc:1    | Found Viulaokh's Antique Weapon Shoppe.
 20945 | Orc:2    | Entered Level 2 of the Orcish Mines
 20945 | Orc:2    | Noticed an orc warlord
 20975 | Orc:2    | Found a staircase to the Elven Halls.
 21242 | Orc:1    | Noticed a stone giant
 21254 | Orc:2    | Found Qeask's General Store.
 21347 | Orc:2    | Found Kimneal's Antique Armour Shoppe.
 21348 | Orc:2    | Noticed an orc warlord
 21573 | Orc:1    | Killed a stone giant
 21715 | Orc:1    | Killed an orc warlord
 21833 | Orc:1    | Received a gift from Okawaru
 21840 | Orc:1    | Got a transparent hunting sling {god gift}
 21929 | Orc:2    | Killed an orc warlord
 22038 | Orc:2    | Found Gualemex's Jewellery Shoppe.
 22065 | Orc:2    | Reached skill level 5 in Stealth
 22220 | Orc:2    | Found Ytysyuc's Antique Weapon Shoppe.
 22479 | Orc:2    | Bought a faintly glowing robe for 176 gold pieces
 22479 | Orc:2    | Bought a dazzling leather armour for 217 gold pieces
 22479 | Orc:2    | Bought a runed helmet for 139 gold pieces
 22479 | Orc:2    | Bought a shiny shield for 139 gold pieces
 22479 | Orc:2    | Bought a runed hat for 124 gold pieces
 22489 | Orc:2    | Identified the cursed +0 leather armour "Wuistrua" {-Cast Int+5 Slay+5} (You bought it in a shop on level 2 of the Orcish Mines)
 22541 | Orc:2    | Identified the cursed +0 robe of the Guardian {Slay+3} (You bought it in a shop on level 2 of the Orcish Mines)
 22635 | D:13     | Noticed Snorg
 22646 | D:13     | Killed Snorg
 22646 | D:13     | Reached XP level 15. HP: 89/110 MP: 18/27
 22764 | D:13     | Reached skill level 5 in Invocations
 22815 | D:13     | Found a gate to the Vaults.
 22904 | D:13     | Noticed Erolcha
 22906 | D:13     | Noticed Nessos
 22915 | D:13     | Killed Erolcha
 22915 | D:13     | Received a gift from Okawaru
 22926 | D:13     | Killed Nessos
 23654 | D:14     | Noticed braks's ghost (journeyman HOMo)
 23678 | D:14     | Killed braks's ghost
 23678 | D:14     | Received a gift from Okawaru
 24132 | D:15     | Entered Level 15 of the Dungeon
 24301 | D:15     | Received a gift from Okawaru
 24309 | D:15     | Got a slimy falchion {god gift}
 24310 | D:15     | Identified the +4 falchion of Iconoclasm {antimagic, -Tele rPois MP+9 Dex+6} (Okawaru gifted it to you on level 15 of the Dungeon)
 24581 | D:15     | Reached skill level 15 in Long Blades
 24594 | D:15     | Found Xiqeal's Antique Armour Shop.
 24609 | D:15     | Bought a pair of runed gloves for 121 gold pieces
 24672 | D:15     | Found a staircase to the Depths.
 24691 | D:15     | Noticed Sonja
 24720 | D:15     | Killed Sonja
 25021 | D:15     | Received a gift from Okawaru
 25655 | Spider:1 | Entered Level 1 of the Spider Nest
 25684 | Spider:1 | Reached XP level 16. HP: 120/120 MP: 28/28
 25786 | Spider:1 | Noticed Louise
 25814 | Spider:1 | Killed Louise
 26002 | Spider:1 | Got a bone trident
 26003 | Spider:1 | Identified the +8 trident "Spider's Demise" {pierce, rPois Dex+5} (You found it on level 1 of the Spider Nest)
 26973 | Spider:2 | Received a gift from Okawaru
 27000 | Spider:2 | Noticed Jorgrun
 27019 | Spider:2 | Killed Jorgrun
 27082 | Spider:2 | Noticed Frances
 27098 | Spider:2 | Killed Frances
 27199 | Spider:2 | Noticed Arachne
 27350 | Spider:2 | Killed Arachne
 27737 | Spider:2 | HP: 6/121 [wolf spider (4)]
 27740 | Spider:2 | Slain by a wolf spider

Vault maps used:
D:1:      dpeg_arrival_arbitrary_b, minmay_lizard_king
D:2:      nemelex_xobeh_ov_fountains_minmay, first_bread, serial_forest,
          infiniplex_forest_split, infiniplex_forest_clump_cross,
          infiniplex_forest_corner_1, infiniplex_forest_end_1,
          infiniplex_forest_3_way, kennysheep_okawaru_gauntlet
D:3:      grunt_ministairs_8, hangedman_decor_push, tso_altar, uniq_robin,
          uniq_natasha
D:4:      elyvilon_altar_4, overflow_temple_1_default
D:5:      lemuel_doored_altar, serial_shops, shop, makhleb_altar_promises_db
D:6:      grunt_ministairs_1
D:7:      uniq_pikel
D:8:      nicolae_overflow_hidden_temple, grunt_gozag_statues, lair_0_dummy,
          grunt_pizzeria
D:9:      kennysheep_mini, uniq_erica, uniq_prince_ribbit1
D:10:     minmay_misc_feat_doors, minivault_15, jiyva_altar_1
D:11:     portal_ice_cave_entry_imps, nicolae_qazlal_eye_of_the_storm
D:12:     david_orc_4, serial_shops, nicolae_shop_stone,
          hangedman_decor_opposing, uniq_maurice
D:13:     erik_vaults_2, uniq_nessos, uniq_snorg, uniq_erolcha
D:15:     hangedman_depths_entry_civil_slaughter, serial_shops, shop_fountains,
          uniq_sonja
Temple:   nicolae_temple_figure_eight
Lair:1:   minmay_lair_oklob_bushes, serial_bayou_shore_a
Lair:2:   nicolae_volcano_entry_batcave, beast_lair_carwin_1
Lair:3:   lab_entry_generic, serial_bayou_pond_e
Lair:4:   minmay_shoals_entry_beasts, nicolae_spider_entry_tight_spaces,
          minivault_23
Lair:5:   lemuel_old_faithful, grunt_megastairs_1
Lair:6:   due_jungle_book, slime_dummy, guppyfry_lair_drakes
Spider:1: spider_trap, uniq_louise
Spider:2: uniq_arachne, uniq_frances, uniq_jorgrun
Spider:3: nicolae_spider_mines_1, hangedman_spider_tarantella_strand
Orc:1:    serial_shops, nicolae_shop_overgrown_old_shop
Orc:2:    grunt_orc_gardens, grunt_orc_garden, grunt_orc_garden,
          grunt_orc_garden, grunt_orc_garden
Lab:      labyrinth_skeletal_remains
IceCv:    ice_cave_tombish
Volcano:  volcano_lake

Skill      XL: |  1  2  3  4  5  6  7  8  9 10 11 12 13 14 15 16 |
---------------+-------------------------------------------------+-----
Spellcasting   | 3 4 5 6 8 |  8.1
Necromancy     | 5 6 7 8 |  8.0
Fighting       | 2 3 5 6 8 9 |  9.7
Armour         | 1 2 4 5 6 7 |  7.8
Shields        | 1 2 4 5 6 7 |  7.6
Dodging        | 2 3 4 6 7 8 |  8.2
Long Blades    | 4 9 12 13 14 15 | 15.4
Stealth        | 3 5 6 |  6.9
Invocations    | 2 4 6 7 |  7.0

Action                   |  1- 3 |  4- 6 |  7- 9 | 10-12 | 13-15 | 16-18 || total
-------------------------+-------+-------+-------+-------+-------+-------++-------
Melee: Unarmed           |    15 |       |       |       |       |       ||    15
       Dagger            |    46 |   142 |   324 |       |       |       ||   512
       Long sword        |       |       |   113 |   112 |       |       ||   225
       Punch             |       |       |     1 |     6 |       |       ||     7
       Scimitar          |       |       |       |   837 |  1104 |       ||  1941
       Double sword      |       |       |       |       |   999 |   315 ||  1314
Throw: Throwing net      |       |       |       |       |       |     1 ||     1
 Cast: Pain              |    47 |    51 |    99 |    58 |       |       ||   255
       Vampiric Draining |       |    10 |    36 |   149 |   127 |       ||   322
       Control Undead    |       |     2 |     3 |       |       |       ||     5
Invok: Heroism           |       |       |     3 |    21 |    32 |     5 ||    61
       Finesse           |       |       |       |     2 |     5 |     1 ||     8
Evoke: Wand              |       |       |       |    11 |     9 |     1 ||    21
       Rod               |       |       |       |       |     2 |       ||     2
  Use: Scroll            |       |     4 |     6 |    21 |    18 |     5 ||    54
 Stab: Sleeping          |     2 |       |       |       |    26 |     6 ||    34
       Distracted        |       |     1 |       |     1 |       |     1 ||     3
Armor: Robe              |    11 |       |       |       |       |       ||    11
       Leather armour    |       |    59 |   185 |    51 |       |       ||   295
       Troll leather arm |       |       |    33 |   223 |   302 |   110 ||   668
       Ring mail         |       |       |       |       |    24 |       ||    24
Dodge: Dodged            |    39 |   102 |   360 |   642 |   804 |   202 ||  2149
Block: Shield            |       |       |       |   164 |   979 |   166 ||  1309
